 Dungeon Sprint DCSS version 0.17-a0-1648-g0a089d4 (webtiles) character file.

7266 nuthulu the Grappler (level 11, -13/104 HPs)
             Began as a Ghoul Monk on Aug 12, 2015.
             Was a High Priest of Makhleb.
             Mangled by a ghoul (17 damage)
             ... in the Dungeon (Sprint V: "Ziggurat Sprint").
             The game lasted 00:05:42 (684 turns).

nuthulu the Grappler (Ghoul Monk)                    Turns: 684, Time: 00:05:42

Health: -13/104    AC: 32    Str: 22    XL:     11   Next: 12%
Magic:  19/19      EV:  7    Int:  5    God:    Makhleb [*****.]
Gold:   0          SH: 31    Dex: 20    Spells: 0 memorised, 10 levels left

rFire  . . .     SeeInvis .       - Unarmed
rCold  + . .     Clarity  .     F - +15 Maxwell's patent armour {-Cast -Tele rElec MR+ rCorr}
rNeg   + + +     SustAt   .     G - +18 shield of the gong {rElec rN+ MR+ EV-5}
rPois  ∞         Gourm    .     (no helmet)
rElec  +         Spirit   .     (no cloak)
rCorr  +         Warding  .     (no gloves)
rMut   .         NoTele   +     H - +2 pair of boots of the Assassin {DetectMon Stab+ Stlth++}
MR     ++...     NoCast   +     K - amulet of regeneration
Stlth  ..........               z - +6 ring of dexterity
                                C - +6 ring of strength

@: rotting, studying 2 skills, very resistant to hostile enchantments, extremely
unstealthy
A: rotting body, claws 1, carnivore 3, cold resistance 1, negative energy
resistance 3, slow healing 1, torment resistance, unbreathing
a: Minor Destruction, Lesser Servant of Makhleb, Major Destruction, Greater
Servant of Makhleb, Renounce Religion


You were in the Dungeon.
You worshipped Makhleb.
Makhleb was extremely pleased with you.
You were not hungry.

You visited 1 branch

Inventory:

Armour
 a - a +0 robe
 F - the +15 Maxwell's patent armour (worn) {-Cast -Tele rElec MR+ rCorr}
   (You found it in the Dungeon)

   It insulates you from electricity.
   It affects your resistance to hostile enchantments.
   It prevents spellcasting.
   It prevents most forms of teleportation.
   It protects you from acid and corrosion.
 G - the +18 shield of the gong (worn) {rElec rN+ MR+ EV-5}
   (You found it in the Dungeon)

   It affects your evasion (-5).
   It insulates you from electricity.
   It protects you from negative energy.
   It affects your resistance to hostile enchantments.
 H - the +2 pair of boots of the Assassin (worn) {DetectMon Stab+ Stlth++}
   (You found it in the Dungeon)

   It makes you much more stealthy.
Jewellery
 l - an uncursed ring of protection from fire
 y - a +6 ring of dexterity
 z - a +6 ring of dexterity (right claw)
 A - a +6 ring of intelligence
 B - a +6 ring of intelligence
 C - a +6 ring of strength (left claw)
 D - a +6 ring of strength
 E - an uncursed ring of flight
 K - an amulet of regeneration (around neck)
 N - a +6 ring of strength
 O - an uncursed ring of stealth
 P - a +2 ring of intelligence
Magical devices
 u - a wand of disintegration (7)
 v - a wand of fire (3)
 w - a wand of cold (5)
 x - a wand of draining (5)
Scrolls
 h - 4 scrolls of blinking
 o - 4 scrolls of amnesia
 p - 3 scrolls of recharging
 q - 7 scrolls of fog
 r - 5 scrolls of identify
 s - 5 scrolls of remove curse
 t - 2 scrolls of fear
 I - 8 scrolls of enchant weapon
Potions
 c - 10 potions of curing
 d - 8 potions of heal wounds
 e - 8 potions of haste
 f - 7 potions of magic
 g - 3 potions of berserk rage
 i - a potion of brilliance
 j - 2 potions of invisibility
 k - 4 potions of resistance
 m - 5 potions of agility
 n - 5 potions of might
Books
 L - a manual of
Armour
 M - a manual of Dodging
Comestibles
 b - 5 meat rations
 J - 3 royal jellies


   Skills:
 + Level 12.0 Fighting
 + Level 9.9 Armour
 + Level 10.0 Dodging
 - Level 2.3 Stealth
 + Level 10.1 Shields
 + Level 13.7 Unarmed Combat
 + Level 12.8 Invocations
 - Level 0.8 Evocations


You had 10 spell levels left.
You didn't know any spells.

Dungeon Overview and Level Annotations

Branches:
Dungeon (1/1)

Altars:
Ashenzari
Cheibriados
Dithmenos
Elyvilon
Fedhas
Gozag
Kikubaaqudgha
Makhleb
Nemelex Xobeh
Okawaru
Qazlal
Ru
Sif Muna
Trog
Vehumet
Xom
Yredelemnul
Zin
The Shining One
Beogh
Jiyva
Lugonu


Innate Abilities, Weirdness & Mutations

Your body is rotting away.
You thrive on raw meat.
You are immune to poison.
You have sharp fingernails.
You are carnivorous and can eat meat at any time.
Your flesh is cold resistant.
You are immune to negative energy.
You heal slowly when monsters are visible.
You are immune to unholy pain and torment.
You can survive without breathing.


Message History

GONNNNG!
Something hits you but does no damage. x2
Something hits your balrug. You block the ghoul's attack.
GONNNNG!
You block the ghoul's attack.
GONNNNG!
Your balrug misses something.
Unknown command.
Drink which item? (? for menu, Esc to quit)
You feel much better.
The shadow slips into darkness.
The shadow flickers and vanishes!
Something hits you!!
* * * LOW HITPOINT WARNING * * *
Something barely misses your balrug. Something bites you but does no damage.
Something hits you but does no damage. You block its attack.
GONNNNG!
You block the ghoul's attack.
BONNNG!
The ghoul claws you!
You die...

▓..}:[))..▓..)2[)=..▓
▓..=[}!)..▓....1.|..▓
▓.........▓.........▓
▓.........▓...).....▓
▓.........▓...)))...▓
▓.........▓...))....▓
▓..{2{....▓.▓.....▓.▓
▓.▓{n{..▓.▓.........▓
▓..{@.....▓▓▓▓▓▓▓▓▓▓▓
▓▓▓▓▓▓▓▓▓▓▓


{{{{{{{{ {{{{{{{{{ {{{{{{{{ You could see a ghoul and a friendly balrug.

Vanquished Creatures
  A deep elf conjurer (D)
  2 draconians (D)
  2 two-headed ogres (D)
  A slime creature (D)
  3 deep elf magi (D)
  A fire bat (D)
  A deep elf fighter (D)
  A wolf (D)
  A porcupine (D)
  An ogre (D)
  A wight (D)
  4 jellies (D)
  A crimson imp (D)
  3 quasits (D)
  A sheep (D)
  A shadow imp (D)
  2 giant gecko zombies (D)
27 creatures vanquished.

Vanquished Creatures (collateral kills)
  A green draconian (D)
  2 black draconians (D)
  A spriggan druid (D)
  2 draconians (D)
  A slime creature (D)
  7 spriggans (D)
  3 wolves (D)
  4 black bears (D)
  2 eyes of draining (D)
  A wasp (D)
  3 jellies (D)
  2 iguanas (D)
  A giant gecko zombie (D)
30 creatures vanquished.

Vanquished Creatures (others)
  A draconian (D)
  A deep elf mage (D)
2 creatures vanquished.

Grand Total: 59 creatures vanquished

Notes
Turn   | Place    | Note
--------------------------------------------------------------
     0 | D        | nuthulu the Ghoul Monk began the quest for the Orb.
     0 | D        | Reached XP level 1. HP: 19/19 MP: 0/0
     0 | D        | Found a roughly hewn altar of Beogh.
     0 | D        | Found a viscous altar of Jiyva.
     0 | D        | Found a corrupted altar of Lugonu.
     0 | D        | Found a white marble altar of Elyvilon.
     0 | D        | Found a sparkling altar of Nemelex Xobeh.
     1 | D        | Found a burning altar of Makhleb.
     1 | D        | Found an iron altar of Okawaru.
     1 | D        | Found a deep blue altar of Sif Muna.
     1 | D        | Found a radiant altar of Vehumet.
     1 | D        | Found a bloodstained altar of Trog.
     1 | D        | Found a shimmering altar of Xom.
    55 | D        | Became a worshipper of Makhleb the Destroyer
    55 | D        | Acquired Makhleb's first power
    55 | D        | Acquired Makhleb's second power
    59 | D        | Entered arena 1.
    59 | D        | Noticed a quasit
    59 | D        | Noticed a quasit
    69 | D        | Killed a quasit
    69 | D        | Reached skill level 6 in Unarmed Combat
    69 | D        | Reached XP level 2. HP: 22/28 MP: 1/1
    69 | D        | Reached XP level 3. HP: 26/34 MP: 2/2
    73 | D        | Killed a quasit
    73 | D        | Reached skill level 5 in Fighting
    73 | D        | Reached skill level 7 in Unarmed Combat
    73 | D        | Reached XP level 4. HP: 29/42 MP: 3/3
   164 | D        | Entered arena 2.
   164 | D        | Noticed a two-headed ogre
   164 | D        | Noticed an ogre
   164 | D        | Noticed a two-headed ogre
   168 | D        | Killed a two-headed ogre
   168 | D        | Reached skill level 1 in Armour
   168 | D        | Reached skill level 5 in Dodging
   168 | D        | Reached skill level 9 in Unarmed Combat
   168 | D        | Reached skill level 1 in Invocations
   168 | D        | Reached XP level 5. HP: 47/51 MP: 4/4
   168 | D        | Reached XP level 6. HP: 53/58 MP: 5/5
   180 | D        | Killed an ogre
   180 | D        | Acquired Makhleb's third power
   180 | D        | Reached skill level 5 in Shields
   180 | D        | Reached skill level 10 in Unarmed Combat
   185 | D        | Killed a two-headed ogre
   185 | D        | Reached XP level 7. HP: 65/67 MP: 5/7
   221 | D        | Entered arena 3.
   221 | D        | Noticed a quasit
   221 | D        | Noticed a crimson imp
   221 | D        | Noticed a fire bat
   226 | D        | Reached XP level 8. HP: 69/74 MP: 7/14
   235 | D        | Killed a quasit
   235 | D        | Acquired Makhleb's fourth power
   235 | D        | Reached skill level 11 in Unarmed Combat
   241 | D        | Killed a crimson imp
   247 | D        | Killed a fire bat
   281 | D        | Entered arena 4.
   281 | D        | Noticed a slime creature
   281 | D        | Noticed a jelly
   281 | D        | Noticed a jelly
   281 | D        | Noticed an eye of draining
   285 | D        | Killed a jelly
   287 | D        | Killed a jelly
   289 | D        | Killed a slime creature
   289 | D        | Acquired Makhleb's fifth power
   289 | D        | Reached skill level 10 in Invocations
   290 | D        | Killed an eye of draining
   318 | D        | Entered arena 5.
   318 | D        | Noticed a wolf
   318 | D        | Noticed a porcupine
   318 | D        | Noticed an iguana
   318 | D        | Noticed an iguana
   324 | D        | Killed a porcupine
   324 | D        | Killed an iguana
   326 | D        | Killed an iguana
   327 | D        | Killed a wolf
   341 | D        | Entered arena 6.
   341 | D        | Noticed a black bear
   341 | D        | Noticed a black bear
   341 | D        | Noticed a spriggan
   341 | D        | Noticed a spriggan
   341 | D        | Noticed a wolf
   342 | D        | Noticed a wolf
   343 | D        | Killed a wolf
   343 | D        | Reached XP level 9. HP: 71/82 MP: 15/15
   345 | D        | Killed a spriggan
   346 | D        | Killed a wolf
   346 | D        | Killed a spriggan
   346 | D        | Killed a black bear
   347 | D        | Killed a black bear
   406 | D        | Entered arena 7.
   406 | D        | Noticed a deep elf mage
   406 | D        | Noticed a deep elf mage
   406 | D        | Noticed a deep elf fighter
   406 | D        | Noticed a deep elf mage
   406 | D        | Noticed a deep elf conjurer
   406 | D        | Noticed a deep elf mage
   407 | D        | Killed a deep elf mage
   407 | D        | Reached skill level 5 in Armour
   407 | D        | Killed a deep elf mage
   407 | D        | Reached skill level 12 in Unarmed Combat
   407 | D        | Killed a deep elf mage
   408 | D        | Killed a deep elf mage
   410 | D        | Killed a deep elf conjurer
   410 | D        | Reached skill level 10 in Fighting
   411 | D        | Killed a deep elf fighter
   474 | D        | Entered arena 8.
   474 | D        | Noticed a jelly
   474 | D        | Noticed a jelly
   474 | D        | Noticed an eye of draining
   474 | D        | Noticed a slime creature
   474 | D        | Noticed a jelly
   474 | D        | Noticed a jelly
   474 | D        | Noticed a jelly
   475 | D        | Killed a jelly
   476 | D        | Killed a jelly
   477 | D        | Killed a slime creature
   477 | D        | Reached XP level 10. HP: 92/94 MP: 11/17
   479 | D        | Killed a jelly
   480 | D        | Killed a jelly
   480 | D        | Killed a jelly
   483 | D        | Killed an eye of draining
   503 | D        | Entered arena 9.
   503 | D        | Noticed a draconian
   503 | D        | Noticed a draconian
   503 | D        | Noticed a draconian
   503 | D        | Noticed a black draconian
   503 | D        | Noticed a draconian
   503 | D        | Noticed a black draconian
   503 | D        | Noticed a draconian
   503 | D        | Noticed a green draconian
   504 | D        | Noticed a green death
   509 | D        | Killed a green death
   512 | D        | Killed a black draconian
   514 | D        | Killed a draconian
   519 | D        | Killed a black draconian
   519 | D        | Reached skill level 13 in Unarmed Combat
   522 | D        | Killed a draconian
   522 | D        | Killed a green draconian
   527 | D        | Killed a draconian
   531 | D        | Killed a draconian
   533 | D        | Killed a draconian
   641 | D        | Entered arena 10.
   641 | D        | Noticed a black bear
   641 | D        | Noticed a spriggan
   641 | D        | Noticed a black bear
   641 | D        | Noticed a spriggan
   641 | D        | Noticed a spriggan rider
   641 | D        | Noticed a wolf
   641 | D        | Noticed a spriggan
   641 | D        | Noticed a spriggan druid
   641 | D        | Noticed a spriggan
   644 | D        | Killed a spriggan
   644 | D        | Killed a wolf
   644 | D        | Killed a spriggan
   645 | D        | Killed a spriggan druid
   645 | D        | Reached XP level 11. HP: 86/104 MP: 19/19
   646 | D        | Killed a black bear
   647 | D        | Killed a spriggan
   647 | D        | Reached skill level 10 in Shields
   647 | D        | Killed a black bear
   648 | D        | Killed a wasp
   649 | D        | Killed a spriggan
   649 | D        | Killed a spriggan
   649 | D        | Reached skill level 10 in Dodging
   666 | D        | Entered arena 11.
   666 | D        | Noticed a vampire knight
   666 | D        | Noticed a wight
   667 | D        | Noticed a necromancer
   667 | D        | Noticed a ghoul
   667 | D        | Noticed a necromancer
   667 | D        | Noticed a necromancer
   667 | D        | Noticed a shadow
   673 | D        | Killed a wight
   684 | D        | HP: 4/104 [something (26)]
   684 | D        | Mangled by a ghoul

Vault maps used:
D:        sprint_v

Action                   |  1- 3 |  4- 6 |  7- 9 | 10-12 || total
-------------------------+-------+-------+-------+-------++-------
Melee: Unarmed           |    13 |    17 |    29 |    34 ||    93
Invok: Minor Destruction |     1 |     2 |       |       ||     3
       Lesser Servant of |       |       |     5 |       ||     5
       Greater Servant o |       |       |     1 |     9 ||    10
       Major Destruction |       |       |     7 |     5 ||    12
Evoke: Wand              |       |     2 |       |       ||     2
  Use: Potion            |       |       |     2 |     2 ||     4
 Stab: Distracted        |       |       |     1 |       ||     1
  Eat: Chunk             |       |       |     9 |       ||     9
